AoeStats
← Arguin331

Black Forest

509941015Analyzed
4v4 RM · 4d ago on Sep 28, 2026· 53m 17s· 8 players
Game mode
Random Map
Map size
Large (8 player)
Population
200
Speed
Normal
Resources
Standard
Victory
Conquest
Starting age
Dark Age
Ending age
Imperial Age
RankedLock teamsTeams togetherTeam positionsShared explorationLock speedFull tech treeHidden civsTurbo modeCheats
Victory
Defeat
🇫🇷 Turks · France
994
+11
🇺🇸 Vietnamese · United States
911
+15
🇫🇷 Persians · France
879
+16
🇫🇷 Chinese · France
869
+16
🇬🇷 Persians · Greece
909
-16
🇬🇷 Vietnamese · Greece
899
-15
🇬🇷 Khmer · Greece
863
-14
848
-13
Arguin331
1:52 Loom
14:25 Feudal Age
16:38 Wheelbarrow
15:51 Double-Bit Axe
19:47 Castle Age
18:33 Stone Mining
21:20 Bow Saw
21:53 Horse Collar
24:10 Crossbowman
26:45 Heavy Plow
29:09 Forging
30:26 Scale Mail Armor
32:28 Ballistics
32:01 Fletching
32:12 Padded Archer Armor
32:50 Iron Casting
35:14 Thumb Ring
36:39 Leather Archer Armor
36:37 Pikeman
40:44 Hand Cart
49:16 Imperial Age
52:28 Conscription
nosh
5:37 Loom
13:45 Feudal Age
14:13 Double-Bit Axe
20:10 Castle Age
22:11 Horse Collar
23:09 Bow Saw
25:48 Imperial Age
23:44 Heavy Plow
23:39 Gold Mining
24:54 Fletching
25:05 Padded Archer Armor
25:03 Fishing Lines
26:58 Bodkin Arrow
27:20 Leather Archer Armor
27:58 Wheelbarrow
29:52 Hand Cart
37:28 Thumb Ring
37:25 Bracer
37:55 Ring Archer Armor
43:16 Ballistics
42:52 Murder Holes
45:03 Bloodlines
44:54 Husbandry
47:18 Forging
47:15 Scale Barding Armor
zebav
0:31 Loom
13:17 Feudal Age
15:20 Double-Bit Axe
16:13 Horse Collar
16:57 Gold Mining
21:30 Castle Age
22:11 Bow Saw
22:04 Heavy Plow
25:55 Scale Mail Armor
26:06 Forging
26:02 Pikeman
27:49 Stone Mining
29:35 Scale Barding Armor
32:18 Husbandry
32:29 Bloodlines
32:37 Chain Mail Armor
36:43 Iron Casting
42:18 Light Cavalry
50:20 Imperial Age
50:19 Chain Barding Armor
50:32 Halberdier
53:30 Conscription
52:52 Hussar
marwenskio
10:46 Loom
13:52 Feudal Age
17:56 Castle Age
19:07 Double-Bit Axe
19:07 Horse Collar
20:41 Wheelbarrow
19:52 Town Watch
23:49 Hand Cart
27:03 Masonry
27:15 Ballistics
26:39 Treadmill Crane
27:14 Fletching
27:41 Heavy Plow
28:13 Bow Saw
28:49 Bodkin Arrow
28:59 Gold Mining
29:00 Stone Mining
31:16 Town Patrol
31:29 Padded Archer Armor
32:52 Chatras
32:18 Elite Skirmisher
33:04 Thumb Ring
33:21 Leather Archer Armor
34:09 Stone Shaft Mining
38:10 Imperial Age
36:13 Husbandry
36:23 Bloodlines
38:15 Heavy Cavalry Archer
40:00 Chemistry
39:11 Bracer
47:02 Paper Money
48:46 Elite Fire Lancer
49:44 Pikeman
50:24 Squires
50:34 Arson
50:56 Scale Mail Armor
51:08 Forging
52:24 Chain Mail Armor
52:32 Halberdier
andreas7487
0:33 Loom
15:01 Feudal Age
17:23 Horse Collar
17:34 Double-Bit Axe
17:43 Gold Mining
17:45 Stone Mining
24:47 Castle Age
27:58 Imperial Age
25:35 Pikeman
29:12 Heavy Plow
29:55 Wheelbarrow
29:28 Caravan
30:06 Bow Saw
34:00 Ballistics
34:41 Chemistry
34:21 Elite Skirmisher
36:16 Onager
37:55 Halberdier
41:42 Forging
makispapadopoulos7
0:26 Loom
13:43 Feudal Age
17:52 Castle Age
16:20 Double-Bit Axe
16:28 Horse Collar
16:47 Gold Mining
16:48 Stone Mining
18:12 Wheelbarrow
17:51 Town Watch
19:56 Bow Saw
26:49 Hand Cart
29:34 Heavy Plow
30:27 Arson
33:50 Imperial Age
31:42 Elite Skirmisher
35:27 Elite Battle Elephant
36:09 Husbandry
35:42 Onager
38:29 Two-Man Saw
38:04 Crop Rotation
37:47 Imperial Skirmisher
41:17 Chemistry
39:58 Treadmill Crane
40:39 Ballistics
40:12 Fletching
40:23 Padded Archer Armor
40:34 Forging
40:24 Scale Mail Armor
40:34 Town Patrol
40:46 Chatras
45:08 Murder Holes
diomidismav
0:26 Loom
11:19 Feudal Age
11:45 Double-Bit Axe
13:27 Wheelbarrow
13:26 Horse Collar
22:12 Castle Age
20:56 Stone Mining
21:01 Gold Mining
23:21 Bow Saw
23:33 Hand Cart
24:22 Heavy Plow
31:12 Imperial Age
30:49 Stone Shaft Mining
32:36 Chemistry
31:57 Ballistics
33:07 Elite War Elephant
33:58 Scale Barding Armor
36:05 Chain Barding Armor
41:00 Plate Barding Armor
44:55 Crop Rotation
45:34 Two-Man Saw
45:45 Citadels
giannispolukandriotis.4
0:40 Loom
13:18 Feudal Age
23:37 Castle Age
21:49 Horse Collar
21:58 Double-Bit Axe
28:31 Heavy Plow
29:50 Wagenburg Tactics
34:29 Imperial Age
32:53 Bow Saw
35:15 Padded Archer Armor
35:08 Fletching
36:22 Chemistry
35:43 Ballistics
35:30 Siege Engineers
37:16 Wheelbarrow
36:30 Town Watch
37:05 Leather Archer Armor
36:47 Bodkin Arrow
37:17 Conscription
36:20 Elite Hussite Wagon
38:17 Hand Cart
38:57 Ring Archer Armor
38:30 Bracer
40:29 Two-Man Saw
49:16 Caravan
49:49 Coinage
50:49 Town Patrol
51:00 Hussite Reforms
Connection lost

Rejoining the realm…

Still unreachable

The connection could not be restored.

Session expired

The server has moved on; the page needs a fresh start.